 Dungeon Crawl Stone Soup version 0.30.1-11-g7821555f0a (webtiles) character file.

Game seed: 17658327251287966265

214 AuftragZ the Gusty (level 5, -2/28 HPs)
             Began as a Tengu Air Elementalist on Dec 1, 2023.
             Slain by a black bear (12 damage)
             ... on level 4 of the Dungeon.
             The game lasted 00:11:18 (3055 turns).

AuftragZ the Gusty (Tengu Air Elementalist)         Turns: 3055, Time: 00:11:18

Health: -2/28      AC:  4    Str:  8    XL:     5   Next: 91%
Magic:  1/11       EV: 15    Int: 18    God:
Gold:   211        SH:  0    Dex: 14    Spells: 5/11 levels left

rFire   . . .        (no weapon)
rCold   . . .        (no shield)
rNeg    . . .        h - +2 robe {Will+}
rPois   .            (helmet restricted)
rElec   .            (no cloak)
rCorr   .            (no gloves)
SInv    .            (boots unavailable)
Will    +....        (no amulet)
Stlth   ++           (no ring)
HPRegen 0.24/turn    (no ring)
MPRegen 0.12/turn

%: no passive effects
@: flying quickly and evasively, quick
A: beak, talons 3, nimble flight
a: no special abilities


You were on level 4 of the Dungeon.
You visited 1 branch of the dungeon, and saw 4 of its levels.

You collected 211 gold pieces.

Inventory:

Armour
 a - a +0 robe
 h - a +2 robe of willpower (worn)
Jewellery
 k - a +6 ring of strength
Scrolls
 j - a scroll of fog {unknown}
 l - a scroll of immolation {unknown}
 m - 2 scrolls of teleportation {unknown}
 n - a scroll of magic mapping
Potions
 b - a potion of magic
 d - a potion of lignification {unknown}
 e - a potion of mutation {unknown}
 f - a potion of flight {unknown}
 g - a potion of resistance {unknown}
 i - a potion of heal wounds {unknown}


   Skills:
 * Level 2.5 Dodging
 - Level 2.0 Stealth
 * Level 3.5 Spellcasting
 * Level 3.8 Conjurations
 * Level 6.0 Air Magic


You had 5 spell levels left.
You knew the following spells:

 Your Spells              Type           Power      Damage    Failure   Level
a - Shock                 Conj/Air       80%        1d8       1%          1
b - Static Discharge      Conj/Air       40%        2-4/arc   3%          2
c - Swiftness             Air            24%        N/A       4%          3

Your spell library contained the following spells:

 Spells                   Type           Power      Damage    Failure   Level
 Airstrike                Air            12%        2d(2-18)  13%         4
 Dazzling Flash           Conj/Hex       20%        N/A       22%         3
 Silence                  Hex/Air        6%         N/A       77%         5
 Agony                    Necr           3%         N/A       99%         5


Dungeon Overview and Level Annotations

Branches:
Dungeon (4/15)
 Temple: D:4-7

Altars:
Kikubaaqudgha


Innate Abilities, Weirdness & Mutations

You have a beak for a mouth.
You have claws for feet.
Your magical nature lets you fly swiftly and evasively.


Message History

The black bear completely misses you. The black bear barely misses you.
Casting: Static Discharge (safe; 3% risk of failure)
Confirm with . or Enter, or press ? or * to list all spells.
Aiming: Shock (safe; 1% risk of failure)
Press: ? - help, Shift-Dir - straight line, f/p - black bear
Aim: a black bear (heavily wounded, 79% to hit)
The zap hits the black bear.
The black bear is severely wounded.
The black bear bites you but does no damage.
The black bear claws you but does no damage.
The black bear barely misses you.
Casting: Shock (safe; 1% risk of failure)
Confirm with . or Enter, or press ? or * to list all spells.
You don't know that spell.
There is a stone staircase leading down here.
The black bear bites you but does no damage.
The black bear claws you.
The black bear claws you but does no damage.
Casting: Shock (safe; 1% risk of failure)
Confirm with . or Enter, or press ? or * to list all spells.
Aiming: Shock (safe; 1% risk of failure)
Press: ? - help, Shift-Dir - straight line, f/p - black bear
Aim: a black bear (severely wounded, 79% to hit)
The zap hits the black bear.
The black bear is almost dead.
The black bear goes berserk!
The black bear misses you. The black bear claws you.
The black bear claws you but does no damage.
The black bear attacks as you move away!
The black bear bites you. The black bear closely misses you.
The black bear misses you.
The black bear attacks as you move away!
The black bear bites you!
* * * LOW HITPOINT WARNING * * *
The black bear closely misses you. The black bear claws you.
* * * LOW HITPOINT WARNING * * *
The black bear closely misses you. The black bear barely misses you.
The black bear closely misses you.
You feel better. The black bear bites you!
You die...

#>...## #.##..#
#...#.# #.#.#.#
#.#.#.##
#......######
##...#......+
###.#h##...#
#.#@##.#.#
#...##.#.#
###.##<#.##
#.####...
#.#.....#
#.......#
...†....#......
.....†####.....
...... .....


You could see a black bear (berserk).

Vanquished Creatures
  A scorpion (D:3)
  Jessica (D:2)
  5 adders
  A worm (D:2)
  3 dart slugs
  An orc (D:3)
  4 endoplasms
  6 giant cockroaches
  8 goblins
  3 hobgoblins
  4 jackals (D:4)
  9 kobolds
  6 quokkas
  5 ball pythons
  8 bats
  3 frilled lizards
  8 rats
76 creatures vanquished.

Notes
Turn   | Place    | Note
-------+----------+-------------------------------------------
     0 | D:1      | AuftragZ the Tengu Air Elementalist began the quest for the
                  | Orb.
     0 | D:1      | Reached XP level 1. HP: 10/10 MP: 4/4
   105 | D:1      | Reached XP level 2. HP: 15/15 MP: 1/6
   412 | D:1      | Learned a level 2 spell: Static Discharge
   717 | D:1      | Reached XP level 3. HP: 17/19 MP: 1/7
  1213 | D:2      | Found an ancient bone altar of Kikubaaqudgha.
  1477 | D:2      | Reached skill level 5 in Air Magic
  1496 | D:2      | Reached XP level 4. HP: 24/24 MP: 0/8
  1796 | D:2      | Noticed Jessica
  1801 | D:2      | Killed Jessica
  1900 | D:2      | Learned a level 3 spell: Swiftness
  2349 | D:3      | Noticed a scorpion
  2352 | D:3      | Gained mutation: Your magical nature lets you fly swiftly
                  | and evasively. [Tengu growth]
  2352 | D:3      | Reached XP level 5. HP: 28/28 MP: 7/10
  2970 | D:4      | Reached skill level 6 in Air Magic
  2973 | D:4      | Noticed a black bear
  3055 | D:4      | Slain by a black bear

Illustrated notes

Levels and vault maps discovered:
D:1:      minmay_arrival_diagonal_passages, layout_loops_ring
D:2:      layout_basic, basic_altar, uniq_jessica
D:3:      layout_basic
D:4:      layout_basic, serial_shops, nicolae_take_the_stairs

Skill      XL: |  1  2  3  4  5 |
---------------+----------------+-----
Conjurations   | 2 3 |  3.8
Air Magic      | 5 6 |  6.0
Spellcasting   | 3 |  3.5
Dodging        | |  2.5
Stealth        | |  2.0

Action                     |  1- 3 |  4- 6 || total
---------------------------+-------+-------++-------
  Melee: Unarmed           |     1 |       ||     1
   Cast: Shock             |    67 |    48 ||   115
         Static Discharge  |     6 |    10 ||    16
         Swiftness         |       |     1 ||     1
    Use: Scroll            |     3 |     2 ||     5
         Potion            |       |     2 ||     2
 Armour: Robe              |       |    10 ||    10
  Dodge: Dodged            |     7 |    16 ||    23
